[Event "Late-Titled-Tuesday-Blitz-September-19-2023"]
[Site "Chess.com"]
[Date "2023.09.19"]
[Round "7"]
[White "KVAIDAN"]
[Black "Botvinnak"]
[Result "0-1"]
[WhiteElo "2242"]
[BlackElo "2327"]
[TimeControl "180+1"]
[EndTime "15:09:47 PDT"]
[Termination "Botvinnak won by resignation"]

1. f4 b6 2. Nf3 Bb7 3. d3 d5 4. e4 dxe4 5. dxe4 Qxd1+ 6. Kxd1 Bxe4 7. Ne5 e6 8. Bb5+ c6 9. Nc3 cxb5 10. Nxe4 Nf6 11.
Nc3 a6 12. Be3 Bc5 13. Ke2 Nbd7 14. Nxd7 Nxd7 15. Ne4 O-O 16. Rhd1 Rfd8 17. c3 Kf8 18. g4 Ke7 19. h4 Rac8 20. f5 exf5 21. gxf5 Bxe3 22.
Kxe3 Nf6 23. Ng5 h6 0-1

[Event "Late-Titled-Tuesday-Blitz-September-19-2023"]
[Site "Chess.com"]
[Date "2023.09.19"]
[Round "7"]
[White "Grig1508"]
[Black "SEBAZZANO"]
[Result "0-1"]
[WhiteElo "1987"]
[BlackElo "2193"]
[TimeControl "180+1"]
[EndTime "15:10:44 PDT"]
[Termination "SEBAZZANO won by resignation"]

1. e4 c5 2. Nf3 Nc6 3. d4 cxd4 4. Nxd4 Nf6 5. Nc3 d6 6. Be3 e6 7. f3 Be7 8. Qd2 Bd7 9. Ndb5 Qb8 10. O-O-O O-O 11. Nxd6 Rd8 12. f4 e5 13. Bc4 Be6 14. Bxe6 Bxd6 15. Bb3 exf4 16. Bxf4 Bxf4 0-1

[Event "Late-Titled-Tuesday-Blitz-September-19-2023"]
[Site "Chess.com"]
[Date "2023.09.19"]
[Round "7"]
[White "chessdjw"]
[Black "bipe137"]
[Result "1-0"]
[WhiteElo "2676"]
[BlackElo "2559"]
[TimeControl "180+1"]
[EndTime "15:10:49 PDT"]
[Termination "chessdjw won by resignation"]

1. d4 d5 2. c4 e6 3. Nf3 a6 4. Nbd2 dxc4 5. Nxc4 Nf6 6. g3 c5 7. Bg2 cxd4 8. Qxd4 Nc6 9. Qxd8+ Kxd8 10. O-O Bc5 11. Rd1+ Ke7 12. Bf4 Nd5 13. Bd2 b5 14. Rac1 Ba7 15.
Nce5 Nxe5 16. Nxe5 Bb7 17. e4 1-0

[Event "Late-Titled-Tuesday-Blitz-September-19-2023"]
[Site "Chess.com"]
[Date "2023.09.19"]
[Round "7"]
[White "Schwindle"]
[Black "Der_Honigdachs"]
[Result "0-1"]
[WhiteElo "2417"]
[BlackElo "2522"]
[TimeControl "180+1"]
[EndTime "15:10:53 PDT"]
[Termination "Der_Honigdachs won by resignation"]

1. e4 d5 2. exd5 Qxd5 3. Nc3 Qd6 4. Nf3 Nf6 5. d4 c6 6. Be3 Bg4 7. Be2 Nbd7 8. Qd2 e6 9. O-O-O Qc7 10. h3 Bh5 11. g4 Bg6 12. Kb1 Bb4 13. Bd3 Ne4 14.
Bxe4 Bxe4 15. Qe2 Bxc3 16. bxc3 Qb6+ 17. Ka1 Qa5 18. Bd2 Qd5 0-1

[Event "Late-Titled-Tuesday-Blitz-September-19-2023"]
[Site "Chess.com"]
[Date "2023.09.19"]
[Round "7"]
[White "whiteglovethief"]
[Black "eCztery"]
[Result "1-0"]
[WhiteElo "2522"]
[BlackElo "2403"]
[TimeControl "180+1"]
[EndTime "15:10:57 PDT"]
[Termination "whiteglovethief won by checkmate"]

1. d4 Nf6 2. c4 e5 3. dxe5 Ng4 4. Nh3 Nxe5 5. e3 Nbc6 6. Nf4 Bc5 7. Be2 O-O 8. O-O d6 9. a3 a5 10. Nc3 Ba7 11. Nfd5 Ne7 12. f4 N5g6 13. Kh1 Nxd5 14. cxd5 f5 15. e4 fxe4 16. Nxe4 Bf5 17. Ng5 Qf6 18.
Bd3 Bxd3 19. Qxd3 Ne5 20. Qxh7# 1-0

[Event "Late-Titled-Tuesday-Blitz-September-19-2023"]
[Site "Chess.com"]
[Date "2023.09.19"]
[Round "7"]
[White "kuli4ik"]
[Black "Zhigalko_Sergei"]
[Result "1/2-1/2"]
[WhiteElo "2957"]
[BlackElo "2842"]
[TimeControl "180+1"]
[EndTime "15:11:06 PDT"]
[Termination "Game drawn by repetition"]

1. Nf3 d5 2. g3 c6 3. Bg2 Bg4 4. Ne5 Bh5 5. O-O e6 6. d4 Nf6 7. c4 Be7 8. Nc3 Nbd7 9. Qb3 Qb6 10. Nxd7 Nxd7 11. e4 dxe4 12. Nxe4 O-O 13. Be3 Rfd8 14. Qc3 Qc7 15. Bf4 Qb6 16. Be3 Qc7 17. Bf4 Qb6 18.
Be3 1/2-1/2

[Event "Late-Titled-Tuesday-Blitz-September-19-2023"]
[Site "Chess.com"]
[Date "2023.09.19"]
[Round "7"]
[White "dretch"]
[Black "amanmuhammethommadov"]
[Result "1-0"]
[WhiteElo "2854"]
[BlackElo "2578"]
[TimeControl "180+1"]
[EndTime "15:11:56 PDT"]
[Termination "dretch won by resignation"]

1. d4 Nf6 2. c4 g6 3. Nc3 Bg7 4. e4 d6 5. Nf3 O-O 6. h3 e5 7. dxe5 dxe5 8. Qxd8 Rxd8 9. Bg5 Re8 10. Nd5 Nxd5 11. cxd5 c6 12. Bc4 cxd5 13. Bxd5 Nd7 14.
Nd2 Nf6 15. Bb3 Be6 16. Ke2 Rad8 17. Rhc1 Rd7 18. Bxe6 Rxe6 19. Rc8+ Re8 20. Rac1 Kf8 21. Rxe8+ Kxe8 22. Rc5 Re7 23. Nc4 b6 24. Rc6 Kd7 25. Bxf6 1-0

[Event "Late-Titled-Tuesday-Blitz-September-19-2023"]
[Site "Chess.com"]
[Date "2023.09.19"]
[Round "7"]
[White "OYAcosta"]
[Black "gabduschew"]
[Result "0-1"]
[WhiteElo "2177"]
[BlackElo "2365"]
[TimeControl "180+1"]
[EndTime "15:11:57 PDT"]
[Termination "gabduschew won by resignation"]

1. d4 c6 2. Bf4 d6 3. Nf3 h6 4.
e3 g5 5. Bg3 Qb6 6. Qc1 h5 7.
Nxg5 Qa5+ 8. Nd2 Qxg5 9. h4 Qa5 10. Bc4 Nh6 11. b4 Qxb4 12. Rb1 Qa5 13. O-O Nf5 14. Bh2 Nxh4 15. e4 Qg5 16. Bg3 Nxg2 17. Kxg2 h4 18. Rh1 Bg7 19. Nf3 Qxc1 20. Rbxc1 hxg3 21. Rxh8+ Bxh8 22. Rh1 Bg7 23. Rh7 Kf8 24. Ng5 e6 25. fxg3 d5 26. exd5 cxd5 27. Bb5 a6 28. Bd3 Nd7 29. Rh4 Nf6 30.
Rf4 Bd7 0-1

[Event "Late-Titled-Tuesday-Blitz-September-19-2023"]
[Site "Chess.com"]
[Date "2023.09.19"]
[Round "7"]
[White "Balla_Tamas"]
[Black "Djager97"]
[Result "0-1"]
[WhiteElo "2421"]
[BlackElo "2539"]
[TimeControl "180+1"]
[EndTime "15:12:10 PDT"]
[Termination "Djager97 won by resignation"]

1. e4 e5 2. Nf3 Nc6 3. d4 exd4 4. Nxd4 Nf6 5. Nxc6 bxc6 6. e5 Qe7 7. Qe2 Nd5 8. h4 f6 9. c4 Ba6 10. exf6 Qxe2+ 11. Bxe2 Nxf6 12. O-O Bc5 13. Nd2 O-O 14. a3 Rae8 15.
Bf3 d5 16. b4 Bd4 17. Rb1 dxc4 18. Bxc6 c3 19. Nf3 Bxf1 20. Bxe8 Bd3 21. Rb3 Rxe8 22. Bf4 Ng4 0-1

[Event "Late-Titled-Tuesday-Blitz-September-19-2023"]
[Site "Chess.com"]
[Date "2023.09.19"]
[Round "7"]
[White "protectiago"]
[Black "jcmesafischer"]
[Result "0-1"]
[WhiteElo "2076"]
[BlackElo "2365"]
[TimeControl "180+1"]
[EndTime "15:12:10 PDT"]
[Termination "jcmesafischer won by resignation"]

1. d4 Nf6 2. c4 e6 3. g3 Be7 4.
Bg2 O-O 5. Nf3 d5 6. O-O dxc4 7.
Nbd2 b5 8. a4 c6 9. axb5 cxb5 10.
Ne5 Nd5 11. e4 Nb4 12. Ndf3 Bb7 13. Bd2 Bxe4 14. Bg5 f6 15. Qe1 Bd5 16. Bd2 Nc2 0-1

[Event "Late-Titled-Tuesday-Blitz-September-19-2023"]
[Site "Chess.com"]
[Date "2023.09.19"]
[Round "7"]
[White "Dubs123"]
[Black "szachmistrz2500"]
[Result "1-0"]
[WhiteElo "2330"]
[BlackElo "2487"]
[TimeControl "180+1"]
[EndTime "15:12:18 PDT"]
[Termination "Dubs123 won by resignation"]

1. d4 Nf6 2. c4 e6 3. Nc3 d5 4.
cxd5 exd5 5. Bg5 c6 6. e3 Be7 7.
Bd3 Nbd7 8. Nge2 Nf8 9. O-O Ng6 10. Nf4 Nxf4 11. Bxf4 Bd6 12. Qf3 Bxf4 13. Qxf4 O-O 14. Rad1 Be6 15. f3 Qb6 16. b3 Nd7 17. Bb1 Rfd8 18.
e4 Nf8 19. e5 c5 20. Na4 Qa5 21. Nxc5 Rab8 22. Qd2 Qb5 23. f4 b6 24. Nxe6 fxe6 25.
f5 exf5 26. Bxf5 Qe8 27. Qg5 Rb7 28. Bb1 Qe7 29. Qh5 g6 30. Qg4 Ne6 31. Rf6 Rf8 32.
Qxe6+ 1-0

[Event "Late-Titled-Tuesday-Blitz-September-19-2023"]
[Site "Chess.com"]
[Date "2023.09.19"]
[Round "7"]
[White "stasOR4ik"]
[Black "jaskol95"]
[Result "0-1"]
[WhiteElo "2436"]
[BlackElo "2552"]
[TimeControl "180+1"]
[EndTime "15:12:29 PDT"]
[Termination "jaskol95 won by resignation"]

1. e4 c5 2. c3 Nf6 3. e5 Nd5 4. d4 cxd4 5. Nf3 e6 6. cxd4 d6 7. Nc3 Nxc3 8. bxc3 Qc7 9. Qb3 Nd7 10. Bf4 dxe5 11. Nxe5 Bd6 12. Bb5 O-O 13. Bg3 Nxe5 14. dxe5 Be7 15. O-O a6 16. Bd3 b5 17. c4 b4 18. Rfe1 Bb7 19. Be4 a5 20. Qf3 Bxe4 21. Rxe4 Rfd8 22. h3 a4 23. Bh4 Bxh4 24. Rxh4 Qxe5 25. Rh5 Qxa1+ 0-1

[Event "Late-Titled-Tuesday-Blitz-September-19-2023"]
[Site "Chess.com"]
[Date "2023.09.19"]
[Round "7"]
[White "BeanScreen"]
[Black "Harald_Schmidt"]
[Result "1-0"]
[WhiteElo "2701"]
[BlackElo "2332"]
[TimeControl "180+1"]
[EndTime "15:12:30 PDT"]
[Termination "BeanScreen won by checkmate"]

1. e4 c5 2. c3 Nf6 3. e5 Nd5 4. Nf3 e6 5. d4 cxd4 6. cxd4 b6 7. Bc4 Bb7 8. Bxd5 Bxd5 9. Nc3 Bb7 10.
O-O d5 11. exd6 Bxd6 12. d5 exd5 13. Re1+ Kf8 14. Bg5 Qd7 15. Qd4 Bc5 16. Qh4 h6 17. Ne5 Qf5 18. Be3 d4 19. Qd8# 1-0

[Event "Late-Titled-Tuesday-Blitz-September-19-2023"]
[Site "Chess.com"]
[Date "2023.09.19"]
[Round "7"]
[White "Heinza9"]
[Black "TEREZANA"]
[Result "0-1"]
[WhiteElo "2301"]
[BlackElo "2483"]
[TimeControl "180+1"]
[EndTime "15:12:41 PDT"]
[Termination "TEREZANA won by resignation"]

1. e4 c6 2. d4 d5 3. exd5 cxd5 4. c4 Nf6 5. Nc3 Nc6 6. Bg5 Be6 7. a3 Qd7 8. Nf3 Ne4 9. Nxe4 dxe4 10. d5 exf3 11. dxe6 Qxe6+ 12. Be3 Rd8 13. Qa4 f5 14. g3 g5 15. h4 f4 16. gxf4 gxf4 17. Bh3 Qe5 18. Rd1 fxe3 19. Rxd8+ Kxd8 20. Qd1+ Nd4 21. fxe3 Qxe3+ 22. Kf1 Qe2+ 23. Qxe2 fxe2+ 24. Kf2 e5 25. Bg2 Bh6 26.
Be4 Rf8+ 0-1

[Event "Late-Titled-Tuesday-Blitz-September-19-2023"]
[Site "Chess.com"]
[Date "2023.09.19"]
[Round "7"]
[White "MikaelyanArman"]
[Black "Oleksandr_Bortnyk"]
[Result "0-1"]
[WhiteElo "2872"]
[BlackElo "3011"]
[TimeControl "180+1"]
[EndTime "15:12:50 PDT"]
[Termination "Oleksandr_Bortnyk won by resignation"]

1. d4 d6 2. Nf3 Nf6 3. g3 g6 4. Bg2 Bg7 5. O-O O-O 6. a4 a5 7. Nc3 Nbd7 8. e4 e5 9. Re1 b6 10. b3 Bb7 11. Bb2 Re8 12. d5 Nc5 13. Nd2 Ba6 14. Bf1 Bh6 15. Bxa6 Bxd2 16. Qxd2 Rxa6 17. Ba3 Ncd7 18. Nb5 Ra8 19. Re3 h5 20. Rc3 Nxe4 21.
Qe3 Nxc3 22. Nxc3 Nf6 23. Qf3 Kg7 24. Re1 Qd7 25. Nb5 Re7 26. Bb2 Qf5 27. Qg2 Qxc2 28. f4 Qxg2+ 29. Kxg2 Nxd5 30. fxe5 dxe5 31. Rxe5 Rxe5 32.
Bxe5+ f6 33. Nxc7 Nxc7 34. Bxc7 Rc8 35. Bxb6 Rc2+ 36. Kg1 Rb2 37. Bxa5 Rxb3 38. Bc7 Ra3 39. a5 Ra2 40. Bb6 Kf7 41. Bc7 Ke6 42.
Bd8 Kf5 43. Kh1 Kg4 44. Bxf6 Kh3 45. Kg1 Rxa5 0-1

[Event "Late-Titled-Tuesday-Blitz-September-19-2023"]
[Site "Chess.com"]
[Date "2023.09.19"]
[Round "7"]
[White "campochess"]
[Black "zsoltkorpics"]
[Result "1-0"]
[WhiteElo "2188"]
[BlackElo "2337"]
[TimeControl "180+1"]
[EndTime "15:12:50 PDT"]
[Termination "campochess won by resignation"]

1. e4 c5 2. d4 cxd4 3. c3 Nf6 4. e5 Nd5 5. cxd4 e6 6. Nc3 Nxc3 7. bxc3 d6 8. Nf3 Qc7 9. Bd2 Bd7 10. Bd3 Bc6 11. O-O Nd7 12. Re1 Bxf3 13. Qxf3 dxe5 14. dxe5 Nxe5 15. Rxe5 Qxe5 16. Qxb7 Rb8 17. Qc6+ Ke7 18. Re1 Qa5 19. Bf4 Rd8 20. Bc7 Qd5 21. Bxd8+ Kxd8 22. Qa6 Bc5 23. Be2 Ke7 24. Rd1 Qf5 25. Qb7+ Kf6 26.
Bf3 Qc2 27. Rf1 Qxc3 28. h3 Rd8 29. Bh5 g6 30. Bf3 Rd2 31. Qb8 Bd6 32. Qh8+ Kf5 33. Qxc3 1-0

[Event "Late-Titled-Tuesday-Blitz-September-19-2023"]
[Site "Chess.com"]
[Date "2023.09.19"]
[Round "7"]
[White "UGgm_Manuel"]
[Black "Dacean99"]
[Result "0-1"]
[WhiteElo "2303"]
[BlackElo "2491"]
[TimeControl "180+1"]
[EndTime "15:12:52 PDT"]
[Termination "Dacean99 won by resignation"]

1. e4 d6 2. d4 Nf6 3. Nc3 g6 4. g3 Bg7 5. Bg2 O-O 6. Nge2 e5 7. O-O Nc6 8. h3 exd4 9. Nxd4 Nxe4 10. Nxc6 Nxc3 11.
Nxd8 Nxd1 12. Nxb7 Bxb7 13. Rxd1 Bxg2 14. Kxg2 Rab8 15.
Rb1 Rfe8 16. Kf1 a5 17. b3 a4 18. Bb2 axb3 19. axb3 Bxb2 20. Rxb2 Re5 21. c4 f5 22. b4 Kf7 23. c5 dxc5 24. Rc1 Rxb4 25. Rxb4 cxb4 26.
Rxc7+ Re7 27. Rc2 Rb7 28. Rb2 Ke6 29. Ke2 Kd5 30. Kd3 b3 31. f3 Rb8 32. Kc3 Kc5 33. h4 h5 34. f4 Rb7 35. Kd3 Kb4 36. Kd4 Rd7+ 37. Ke5 Kc3 38. Rg2 b2 0-1

[Event "Late-Titled-Tuesday-Blitz-September-19-2023"]
[Site "Chess.com"]
[Date "2023.09.19"]
[Round "7"]
[White "martinez_95"]
[Black "Mike24147"]
[Result "1-0"]
[WhiteElo "2212"]
[BlackElo "2348"]
[TimeControl "180+1"]
[EndTime "15:13:18 PDT"]
[Termination "martinez_95 won by resignation"]

1. d4 d5 2. Nf3 Nf6 3. g3 Bf5 4.
Bg2 e6 5. O-O Be7 6. Nh4 Be4 7.
f3 Bg6 8. c4 O-O 9. Nc3 c6 10.
Nxg6 hxg6 11. e4 dxc4 12. a4 c5 13. d5 exd5 14. e5 Nfd7 15. Qxd5 Nc6 16. f4 Nb6 17. Qxd8 Rfxd8 18. a5 Nd7 19. a6 Rab8 20. axb7 Nb4 21. Rxa7 Nb6 22. Be3 Nd3 23. Ne4 Nd5 24. Bf2 Nxb2 25.
Bxc5 Bxc5+ 26. Nxc5 Ne3 27. Na6 Nxf1 28. Nxb8 Rxb8 29. Ra8 1-0

[Event "Late-Titled-Tuesday-Blitz-September-19-2023"]
[Site "Chess.com"]
[Date "2023.09.19"]
[Round "7"]
[White "Rital44"]
[Black "KamlaPasand"]
[Result "1-0"]
[WhiteElo "2570"]
[BlackElo "2452"]
[TimeControl "180+1"]
[EndTime "15:13:21 PDT"]
[Termination "Rital44 won by resignation"]

1. d4 d6 2. Bg5 Nf6 3. Nc3 g6 4. h4 Bg7 5. e4 h6 6. Bf4 O-O 7. Qd2 Kh7 8. O-O-O Nc6 9. d5 Ne5 10. Nf3 Nxf3 11. gxf3 e6 12. Bd3 Nh5 13. Be3 e5 14.
Kb1 c5 15. dxc6 bxc6 16. Bc4 Be6 17. Bxe6 fxe6 18. Qxd6 Qe8 19. Qd7 Rxf3 20. Qxe8 Rxe8 21. Bxa7 Nf6 22. Rd3 Rf4 23. f3 Nh5 24. a4 Ng3 25. Rh3 Nh5 26. a5 Bf6 27. Bc5 Bxh4 28. Ne2 Be7 29. Nxf4 Nxf4 30. Rd7 Nxh3 31. Rxe7+ Rxe7 32. Bxe7 Ng1 33. a6 Nxf3 34. a7 Nd2+ 1-0

[Event "Late-Titled-Tuesday-Blitz-September-19-2023"]
[Site "Chess.com"]
[Date "2023.09.19"]
[Round "7"]
[White "expii"]
[Black "PawnEatingZombie"]
[Result "0-1"]
[WhiteElo "2258"]
[BlackElo "2202"]
[TimeControl "180+1"]
[EndTime "15:13:24 PDT"]
[Termination "PawnEatingZombie won by resignation"]

1. e4 Nf6 2. e5 Nd5 3. d4 d6 4. c4 Nb6 5. exd6 cxd6 6. Nc3 g6 7. Nf3 Bg7 8. b3 O-O 9. Be2 Bg4 10. O-O Nc6 11. Be3 e5 12. d5 Bxf3 13. Bxf3 Nd4 14. Bxd4 exd4 15. Ne4 f5 16. Ng3 Nd7 17. Rb1 a5 18. Be2 Nc5 19. Bd3 Re8 20. Bc2 h5 21. Ne2 Qf6 22. Re1 h4 23. Bd3 h3 24. g3 g5 25. f4 g4 26. Qc2 Nxd3 27. Qxd3 Re3 28.
Qd2 Rae8 29. Rbd1 Qe7 30. Kf2 Qe4 0-1

[Event "Late-Titled-Tuesday-Blitz-September-19-2023"]
[Site "Chess.com"]
[Date "2023.09.19"]
[Round "7"]
[White "Jarming"]
[Black "Mesa_1"]
[Result "1-0"]
[WhiteElo "2740"]
[BlackElo "2593"]
[TimeControl "180+1"]
[EndTime "15:13:25 PDT"]
[Termination "Jarming won by resignation"]

1. d4 Nf6 2. c4 g6 3. Nf3 Bg7 4.
g3 O-O 5. Bg2 e6 6. O-O d5 7.
Nc3 Nc6 8. b3 b6 9. Bb2 Bb7 10.
Rc1 Ne7 11. Ne5 Rc8 12. c5 bxc5 13. dxc5 Nc6 14. Nxc6 Bxc6 15. Qd3 e5 16. Rfd1 e4 17. Qa6 Qe8 18. a4 e3 19. f4 Ng4 20. Bxd5 Bxd5 21.
Rxd5 Bxc3 22. Bxc3 Qe4 23. Qd3 Qe6 24. Qd4 f6 25. Rd7 Nh6 26. Qd5 Qxd5 27. Rxd5 Rfd8 28. Rcd1 Rxd5 29. Rxd5 f5 30. Rd7 Nf7 31. b4 Kf8 32. c6 Ke8 33. b5 1-0

[Event "Late-Titled-Tuesday-Blitz-September-19-2023"]
[Site "Chess.com"]
[Date "2023.09.19"]
[Round "7"]
[White "Arteler"]
[Black "lefonghua"]
[Result "1-0"]
[WhiteElo "2568"]
[BlackElo "2657"]
[TimeControl "180+1"]
[EndTime "15:13:25 PDT"]
[Termination "Arteler won by resignation"]

1. d4 Nf6 2. Nc3 d5 3. Bf4 g6 4.
Nf3 Bg7 5. Qd2 O-O 6. Bh6 c5 7. dxc5 Qa5 8. Bxg7 Kxg7 9. e4 dxe4 10. Nxe4 Qc7 11. Qc3 Nd7 12. O-O-O Kg8 13. Nxf6+ Nxf6 14. Qe5 Qa5 15. Qxe7 Ng4 16. Bc4 Qb4 17. Rd8 Rxd8 18. Bxf7+ Kg7 19. Be8+ Kh6 20. Qxd8 Qf4+ 21. Kb1 Nxf2 22.
Re1 b6 23. Ne5 Bb7 24. Qe7 Be4 25. Nf7+ Kh5 26. g4+ Kxg4 27. Nd6 Bf5 28. Rg1+ Kf3 29. Bc6+ Be4 30. Nxe4 1-0

[Event "Late-Titled-Tuesday-Blitz-September-19-2023"]
[Site "Chess.com"]
[Date "2023.09.19"]
[Round "7"]
[White "Nf3c5"]
[Black "Taran2004"]
[Result "1-0"]
[WhiteElo "2545"]
[BlackElo "2431"]
[TimeControl "180+1"]
[EndTime "15:13:26 PDT"]
[Termination "Nf3c5 won by resignation"]

1. d4 Nf6 2. Nf3 g6 3. Bg5 Bg7 4. Nbd2 d5 5. e3 O-O 6. Be2 c5 7. dxc5 Qa5 8. O-O Qxc5 9. c4 dxc4 10. Bxc4 Bg4 11. Rc1 Qa5 12. Qb3 Qb6 13. Ne5 Qxb3 14. Nxb3 Bf5 15. Na5 b6 16. Nb3 Nbd7 17. Nc6 Rfe8 18. Nbd4 Be4 19. f3 Bd5 20. Bxd5 Nxd5 21. e4 N5f6 22. Nb5 Rac8 23. Nxe7+ Rxe7 24. Rxc8+ Re8 25. Rfc1 1-0

[Event "Late-Titled-Tuesday-Blitz-September-19-2023"]
[Site "Chess.com"]
[Date "2023.09.19"]
[Round "7"]
[White "rychessmaster1"]
[Black "ozates"]
[Result "0-1"]
[WhiteElo "2724"]
[BlackElo "2604"]
[TimeControl "180+1"]
[EndTime "15:13:29 PDT"]
[Termination "ozates won by resignation"]

1. d4 Nf6 2. c4 e6 3. Nf3 d5 4. Nc3 c5 5. cxd5 Nxd5 6. e4 Nxc3 7. bxc3 cxd4 8. cxd4 Bb4+ 9. Bd2 Bxd2+ 10. Qxd2 O-O 11.
Bc4 Nd7 12. O-O b6 13. d5 Nc5 14. Rfe1 Bb7 15. Nd4 exd5 16. exd5 Bxd5 17. Bb5 Qf6 18. Rad1 Rac8 19. h3 Ne4 20. Qe3 Nc3 21. Rc1 Nxb5 22. Nxb5 Qg6 23. g3 Rxc1 24. Rxc1 Qh5 25.
h4 Qf5 26. Nxa7 Qh3 27. f3 Qxg3+ 28. Kf1 Bxf3 29. Qf2 Qh3+ 30. Ke1 Re8+ 31. Kd2 Qd7+ 32. Kc3 Qxa7 33. Qxf3 Qa3+ 0-1

[Event "Late-Titled-Tuesday-Blitz-September-19-2023"]
[Site "Chess.com"]
[Date "2023.09.19"]
[Round "7"]
[White "Road2GM3000"]
[Black "AlexandraBotez"]
[Result "1-0"]
[WhiteElo "2486"]
[BlackElo "2300"]
[TimeControl "180+1"]
[EndTime "15:13:33 PDT"]
[Termination "Road2GM3000 won by resignation"]

1. d4 c5 2. d5 d6 3. c4 g6 4. Nc3 Bg7 5. e4 Nd7 6. Bd3 Ne5 7. Be2 Nf6 8. f4 Ned7 9. Nf3 O-O 10. O-O a6 11. a4 Qc7 12. Bd3 e6 13. f5 exf5 14.
exf5 Ne5 15. Nxe5 dxe5 16. Bg5 Bd7 17. Bxf6 Bxf6 18. Ne4 Bg7 19. f6 Bh6 20. Qe1 Bf5 21. Rxf5 gxf5 22. Qh4 Be3+ 23. Nf2 h6 24. Qg3+ Bg5 25.
h4 Kh8 26. hxg5 Rg8 27. Qh4 Rg6 28. Bxf5 Kg8 29. Bxg6 fxg6 30. Qxh6 Qh7 31. Qxh7+ Kxh7 32.
Ng4 e4 33. Re1 1-0

[Event "Late-Titled-Tuesday-Blitz-September-19-2023"]
[Site "Chess.com"]
[Date "2023.09.19"]
[Round "7"]
[White "HamedWafa4"]
[Black "Chessdreamer2020"]
[Result "1-0"]
[WhiteElo "2658"]
[BlackElo "2534"]
[TimeControl "180+1"]
[EndTime "15:13:36 PDT"]
[Termination "HamedWafa4 won on time"]

1. e4 d6 2. d4 Nf6 3. Nc3 c6 4.
Nf3 Bg4 5. h3 Bxf3 6. Qxf3 e6 7.
Bd3 d5 8. exd5 cxd5 9. Ne2 Nc6 10. c3 Qb6 11. O-O Be7 12. a4 O-O 13. Ng3 Na5 14. Bg5 Qxb2 15. Rfb1 Qxa1 16. Rxa1 Nc6 17. Nh5 Nxh5 18. Qxh5 g6 19. Qh4 f6 20. Bh6 Rf7 21. Re1 e5 22. Bb5 e4 23. Bxc6 bxc6 24. Rb1 Bd6 25. Qg4 f5 26. Qe2 f4 27. Qa6 Rc7 28.
Rb7 Rac8 29. Qxa7 f3 30. g3 Kf7 31. Bf4 Bxf4 32. gxf4 1-0

[Event "Late-Titled-Tuesday-Blitz-September-19-2023"]
[Site "Chess.com"]
[Date "2023.09.19"]
[Round "7"]
[White "tgpgoat"]
[Black "szefru"]
[Result "1-0"]
[WhiteElo "2507"]
[BlackElo "2315"]
[TimeControl "180+1"]
[EndTime "15:13:40 PDT"]
[Termination "tgpgoat won by resignation"]

1. Nf3 Nf6 2. g3 g6 3. Bg2 d5 4.
O-O Bg7 5. c4 O-O 6. cxd5 Nxd5 7. d4 c5 8. Nc3 Nxc3 9. bxc3 cxd4 10. cxd4 Nc6 11. Ba3 Bg4 12. e3 Re8 13. Rb1 Qa5 14. Qb3 e5 15. Nxe5 Nxe5 16. dxe5 Bxe5 17. Bb4 Qa6 18.
Bc3 Be6 19. Qb2 Bxc3 20. Qxc3 Qxa2 21. Rxb7 a5 22. Rb2 Qa4 23. Bxa8 Rxa8 24. Qd4 Qc6 25.
Rb6 Qf3 26. Qf4 Qe2 27. Qe4 Rd8 28. Qe5 Bc4 29. Rbb1 Bd5 30. Rfd1 Qf3 31. e4 f6 32. Qf4 1-0

[Event "Late-Titled-Tuesday-Blitz-September-19-2023"]
[Site "Chess.com"]
[Date "2023.09.19"]
[Round "7"]
[White "Hrant_ChessMood"]
[Black "Lennis93"]
[Result "1-0"]
[WhiteElo "2914"]
[BlackElo "2738"]
[TimeControl "180+1"]
[EndTime "15:13:41 PDT"]
[Termination "Hrant_ChessMood won on time"]

1. c4 e5 2. g3 Nf6 3. Bg2 c6 4. Nf3 e4 5. Nd4 d5 6. cxd5 Qxd5 7. e3 Qe5 8. O-O Be7 9. d3 exd3 10. Qxd3 O-O 11. Nd2 Rd8 12. Nc4 Qc7 13. Qc2 Na6 14. a3 Bc5 15. b4 Bxd4 16. exd4 Bg4 17.
Bf4 Qd7 18. Ne5 Qxd4 19. b5 Qc5 20. Qxc5 Nxc5 21. bxc6 bxc6 22. Nxc6 Nd3 23. Nxd8 Rxd8 24. Be3 Be2 25. Rfb1 a5 26. Bb6 Re8 27. Bxa5 Ng4 28. Be1 Nde5 29. h3 Nf6 30. Bc3 Nf3+ 31. Bxf3 Bxf3 32.
Bxf6 gxf6 33. a4 Ra8 34. a5 Ra7 35. Rb4 Kg7 36. a6 h5 37. g4 f5 38. gxh5 Kh6 39.
Kh2 Kxh5 40. Kg3 Be4 41. Kf4 f6 42. f3 Ba8 43. Rb8 1-0

[Event "Late-Titled-Tuesday-Blitz-September-19-2023"]
[Site "Chess.com"]
[Date "2023.09.19"]
[Round "7"]
[White "KejJaj"]
[Black "Miguelitro69"]
[Result "0-1"]
[WhiteElo "2200"]
[BlackElo "2280"]
[TimeControl "180+1"]
[EndTime "15:13:41 PDT"]
[Termination "Miguelitro69 won by resignation"]

1. d4 Nf6 2. Bf4 d6 3. Nc3 g6 4. e4 Bg7 5. Qd2 h5 6. O-O-O c6 7. f3 Nbd7 8. e5 Nd5 9. Nxd5 cxd5 10. exd6 O-O 11.
dxe7 Qxe7 12. Ne2 Nb6 13. Nc3 Be6 14. Be2 Rfc8 15. g4 hxg4 16. fxg4 Nc4 17. Bxc4 Rxc4 18. Qe3 Rac8 19. Rd3 Qb4 20. h3 Rxd4 21. Be5 Rxd3 22. cxd3 d4 23. a3 Qc5 24. Bxd4 Bxd4 25. Qd2 Bxc3 26.
bxc3 Qxc3+ 27. Qxc3 Rxc3+ 28. Kd2 Rxa3 29. g5 Bf5 30. d4 Rd3+ 0-1

[Event "Late-Titled-Tuesday-Blitz-September-19-2023"]
[Site "Chess.com"]
[Date "2023.09.19"]
[Round "7"]
[White "Nekoo04"]
[Black "rdarruda"]
[Result "0-1"]
[WhiteElo "2343"]
[BlackElo "2501"]
[TimeControl "180+1"]
[EndTime "15:13:43 PDT"]
[Termination "rdarruda won on time"]

1. d4 Nf6 2. c4 e5 3. dxe5 Ne4 4.
a3 Nc6 5. Nf3 d6 6. Qd5 Nc5 7.
Ng5 Nxe5 8. f4 c6 9. Qd1 Ng6 10. Nc3 Be7 11. Nf3 O-O 12. b4 Bf6 13. Nd4 Ne6 14. e3 Ngxf4 15. exf4 Nxd4 16. Bd2 Re8+ 17. Kf2 Bf5 18. g4 Bh4+ 19. Kg2 Bc2 20. Qc1 Qe7 21.
Qb2 Be4+ 22. Nxe4 Qxe4+ 23. Kh3 Bf6 0-1

[Event "Late-Titled-Tuesday-Blitz-September-19-2023"]
[Site "Chess.com"]
[Date "2023.09.19"]
[Round "7"]
[White "GeorgiosSouleidis"]
[Black "Hooded_Old_Man"]
[Result "1-0"]
[WhiteElo "2521"]
[BlackElo "2278"]
[TimeControl "180+1"]
[EndTime "15:13:46 PDT"]
[Termination "GeorgiosSouleidis won by resignation"]

1. e4 c5 2. Be2 d6 3. d3 Nc6 4. f4 g6 5. Nf3 Bg7 6. O-O Bg4 7. c3 Nf6 8. Be3 O-O 9. h3 Bxf3 10. Bxf3 Rb8 11. d4 cxd4 12. cxd4 d5 13. e5 Ne4 14. Nd2 Nxd2 15. Qxd2 e6 16. b4 Qb6 17. Rab1 a5 18. b5 Ne7 19. Rfc1 Rfc8 20. a4 Nf5 21. Bf2 Bf8 22. g4 Bb4 23. Rxc8+ Rxc8 24. Rxb4 axb4 25.
gxf5 gxf5 26. Qxb4 Rc1+ 27. Kg2 Rc2 28. a5 Qd8 29. Bd1 Ra2 30. Bb3 Rb2 31. Qc3 Re2 32. Kf3 Re4 33. Bc2 f6 34. Bxe4 fxe4+ 35. Kg2 fxe5 36.
dxe5 Qe8 37. a6 bxa6 38. bxa6 Qg6+ 39. Qg3 1-0